 Dungeon Crawl Stone Soup version 0.22-a0-587-g7d32d7c (webtiles) character file.

170 Gildeon the Caller (level 5, 0/28 HPs)
             Began as a Deep Elf Summoner on July 4, 2018.
             Killed by divine providence
             ... invoked by an orc priest
              (13 damage)
             ... on level 4 of the Dungeon.
             The game lasted 00:18:34 (2940 turns).

Gildeon the Caller (Deep Elf Summoner)              Turns: 2940, Time: 00:18:35

Health: 0/28       AC:  3    Str:  5    XL:     5   Next: 26%
Magic:  5/14       EV: 14    Int: 26    God:
Gold:   172        SH:  0    Dex: 15    Spells: 0/13 levels left

rFire    . . .     SeeInvis +   r - -3 spear (curse)
rCold    . . .     Gourm    +   (no shield)
rNeg     . . .     Faith    .   p - +1 robe {MR+}
rPois    .         Spirit   .   (no helmet)
rElec    .         Reflect  .   (no cloak)
rCorr    .         Harm     .   (no gloves)
MR       +....                  (no boots)
Stlth    ++........             j - amulet of the gourmand
HPRegen  0.09/turn              a - ring of see invisible
MPRegen  0.14/turn              (no ring)

@: brilliant
A: no striking features
a: no special abilities


You were on level 4 of the Dungeon.
You were completely stuffed.

You visited 1 branch of the dungeon, and saw 4 of its levels.

You collected 172 gold pieces.

Inventory:

Hand Weapons
 r - a cursed -3 spear (weapon)
Armour
 m - a +1 robe of the Archmagi
 p - a +1 robe of magic resistance (worn)
Jewellery
 a - a ring of see invisible (left hand)
 j - an amulet of the gourmand (around neck)
Scrolls
 f - a scroll of enchant weapon
 h - 2 scrolls of teleportation
 n - 2 scrolls of fog
Potions
 b - a potion of flight
 d - 3 potions of curing {unknown}
 e - a potion of lignification
 g - 2 potions of brilliance
 i - 2 potions of heal wounds
 k - a potion of haste {unknown}
 l - a potion of agility {unknown}
 q - 2 potions of might {unknown}
Comestibles
 c - 9 rations
 o - a chunk of flesh


   Skills:
 + Level 4.3 Dodging
 - Level 2.4 Stealth
 + Level 4.9 Spellcasting
 + Level 2.1 Hexes
 - Level 5.1 Summonings


You couldn't memorise any spells.
You knew the following spells:

 Your Spells              Type           Power        Failure   Level  Hunger
a - Summon Small Mammal   Summ           ####         1%          1    None
b - Call Imp              Summ           #####...     1%          2    None
c - Call Canine Familiar  Summ           #####...     1%          3    ##.....
d - Summon Guardian Gole  Hex/Summ       #####...     1%          3    ##.....
e - Summon Ice Beast      Ice/Summ       #####...     3%          4    ####...

Your spell library contained the following spells:

 Spells                   Type           Power        Failure   Level  Hunger
 Summon Lightning Spire   Summ/Air       #####...     3%          4    ####...


Dungeon Overview and Level Annotations

Branches:
Dungeon (4/15)
 Temple: D:4-7

Altars:
Elyvilon
Makhleb


Message History

Okay, then.
Casting: Call Canine Familiar (safe; 1% risk of failure)
Confirm with . or Enter, or press ? or * to list all spells.
A guardian golem appears, shielding your allies.
The orc priest looks encouraged for a moment.
Your quokka bites the orc priest but does no damage.
The frilled lizard bites your quokka.
Your hound barely misses the orc priest.
Something closely misses your quokka.
Attack whom?
Press: ? - help, Dir - move target cursor, f/p - orc priest
Aim: an orc priest, wielding a trident and wearing a ring mail (heavily wounded)
You reach to attack!
You hit the orc priest but do no damage.
The orc priest is heavily wounded.
Your quokka bites the frilled lizard.
The frilled lizard dies!
The orc priest calls down the wrath of Beogh upon you.
Beogh smites you!
You die...

****,**,#,,,,,##....## #.###
,,,,,**.#.,,,##....## #....
,***,,,[..o###.....####### #.###
,***,,,.###h.............# #.# #
,,**,,,....o5..†......[#.# #.# #
,,**,,,####.r..rhr.......# #.# #
,,**,,,* ######o..####.## #.# #
,,,,,,,* #8..# #.# ##.# #
*,***,,* #@..# #.# #..# #
,,,**,,* #...# #.# #.## #
*,,**,,* #...# #.# #.####
*,,**,,* ##.#####.####.#.##
,,,,,,,**#### #................
**>**,,,,,..# #...##.#.###...#.
**,**,****#.# #...........##...
,,,**,*####.#####....#.#.......#.
*****,*#.....##....).#.#..#.#...#


You could see an orc priest, a friendly guardian golem, a friendly hound and 2
friendly quokkas.

Vanquished Creatures (collateral kills)
  A sky beast (D:2)
  2 hounds
  An orc wizard (D:2)
  7 adders
  An ooze (D:1)
  3 worms
  2 leopard geckos
  6 orcs
  6 giant cockroaches
  5 goblins
  A hobgoblin (D:3)
  6 bats
  3 frilled lizards
  7 kobolds
  9 rats
60 creatures vanquished.

Notes
Turn   | Place    | Note
-------+----------+-------------------------------------------
     0 | D:1      | Gildeon the Deep Elf Summoner began the quest for the Orb.
     0 | D:1      | Reached XP level 1. HP: 10/10 MP: 6/6
   276 | D:1      | Reached XP level 2. HP: 12/15 MP: 4/8
   283 | D:1      | Learned a level 2 spell: Call Imp
   925 | D:2      | Reached XP level 3. HP: 19/19 MP: 6/10
   937 | D:2      | Learned a level 3 spell: Call Canine Familiar
   941 | D:2      | Learned a level 3 spell: Summon Guardian Golem
  1093 | D:2      | Found a white marble altar of Elyvilon.
  1093 | D:2      | Noticed a sky beast
  1123 | D:2      | Killed a sky beast
  1123 | D:2      | Reached skill level 5 in Summonings
  1123 | D:2      | Reached XP level 4. HP: 16/24 MP: 1/12
  1597 | D:2      | Reached skill level 1 in Hexes
  2353 | D:3      | Reached XP level 5. HP: 28/28 MP: 11/14
  2372 | D:3      | Learned a level 4 spell: Summon Ice Beast
  2404 | D:3      | Found a burning altar of Makhleb.
  2940 | D:4      | Killed from afar by an orc priest

Vault maps used:
D:1:      dpeg_arrival_solitude, serial_park_tiny_2
D:2:      elyvilon_altar_4, due_unseen_surprise
D:3:      makhleb_heckhound_becter, first_ration, st_stairs_10
D:4:      grunt_ministairs_14, nrook_mini_backslash

Skill      XL: |  1  2  3  4  5 |
---------------+----------------+-----
Dodging        | 3 4 |  4.3
Spellcasting   | 4 |  4.9
Summonings     | 5 |  5.1
Hexes          | 1 2 |  2.1
Stealth        | |  2.4

Action                   |  1- 3 |  4- 6 || total
-------------------------+-------+-------++-------
Melee: Unarmed           |     6 |    11 ||    17
       Spear             |       |     3 ||     3
 Cast: Summon Small Mamm |    52 |    41 ||    93
       Call Imp          |     2 |     7 ||     9
       Call Canine Famil |     3 |     6 ||     9
       Summon Guardian G |       |     2 ||     2
  Use: Scroll            |       |    10 ||    10
       Potion            |       |     1 ||     1
 Stab: Sleeping          |       |     1 ||     1
  Eat: Chunk             |    10 |     6 ||    16
Armor: Robe              |     5 |     6 ||    11
Dodge: Dodged            |    14 |    31 ||    45

Table legend:
 A = Spawn XP
 B = Non-spawn XP
 C = Spawn XP percentage of total XP
 D = Spawn monster count
 E = Non-spawn monster count
 F = Spawn count percentage of total count
 G = Total turns spent on level
                    A         B        C        D         E        F      G
               +---------+---------+-------+---------+---------+-------+---------
         Total |       0 |     244 |   0.0 |       0 |      60 |   0.0 |  2940
               +---------+---------+-------+---------+---------+-------+---------
           D:1 |       0 |      20 |   0.0 |       0 |      16 |   0.0 |   834
           D:2 |       0 |     152 |   0.0 |       0 |      23 |   0.0 |  1060
           D:3 |       0 |      55 |   0.0 |       0 |      17 |   0.0 |   776
           D:4 |       0 |      17 |   0.0 |       0 |       4 |   0.0 |   270
               +---------+---------+-------+---------+---------+-------+---------
